 Dungeon Crawl Stone Soup version 0.30.1-3-gfc49f6343a (webtiles) character file.

Game seed: 7856091119973704826

1750 spardeous the Destroyer (level 8, 0/57 HPs)
             Began as a Demigod Conjurer on Aug 3, 2023.
             Slain by an unseen horror (7 damage)
             ... on level 7 of the Dungeon.
             The game lasted 00:07:18 (6664 turns).

spardeous the Destroyer (Demigod Conjurer)          Turns: 6664, Time: 00:07:19

Health: 0/57       AC:  7    Str: 12    XL:     8   Next: 49%
Magic:  3/31       EV: 10    Int: 24    God:
Gold:   339        SH:  0    Dex: 12    Spells: 13/20 levels left

rFire   + . .        A - +11 dagger "Giantbane" {drain, rN+}
rCold   . . .        (no shield)
rNeg    + . .        l - +0 ring mail
rPois   .            h - +0 helmet
rElec   .            k - +0 cloak
rCorr   .            (no gloves)
SInv    .            (no boots)
Will    .....        y - amulet of magic regeneration
Stlth   +            B - ring of protection from fire
HPRegen 0.29/turn    E - ring of magical power
MPRegen 0.62/turn

%: no passive effects
@: stuck, very slightly contaminated
A: high MP 1, forlorn, divine attributes
a: no special abilities


You were on level 7 of the Dungeon.
You visited 1 branch of the dungeon, and saw 7 of its levels.

You collected 339 gold pieces.

Inventory:

Hand Weapons
 p - a +2 dagger of venom
 A - the +11 dagger "Giantbane" (weapon) {drain, rN+}
   (You found it on level 4 of the Dungeon)

   rN:        It protects you from negative energy.
Armour
 a - a +0 robe
 h - a +0 helmet (worn)
 k - a +0 cloak (worn)
 l - a +0 ring mail (worn)
 q - a +0 chain mail
Jewellery
 r - a ring of fire
 y - an amulet of magic regeneration (around neck)
 B - a ring of protection from fire (left hand)
 E - a ring of magical power (right hand)
Wands
 o - a wand of mindburst (15)
 F - a wand of iceblast (8)
 G - a wand of digging (3)
Scrolls
 d - 7 scrolls of identify {unknown}
 e - 4 scrolls of teleportation {unknown}
 g - 2 scrolls of torment {unknown}
 i - 2 scrolls of immolation {unknown}
 m - a scroll of amnesia {unknown}
 n - a scroll of fear {unknown}
 s - 2 scrolls of noise {unknown}
 t - a scroll of silence {unknown}
 u - a scroll of fog {unknown}
 v - 5 scrolls of enchant weapon {unknown}
 x - 2 scrolls of enchant armour {unknown}
 z - 2 scrolls of poison {unknown}
 H - a scroll of acquirement {unknown}
Potions
 b - 2 potions of magic
 c - 2 potions of heal wounds {unknown}
 f - a potion of might {unknown}
 w - a potion of mutation {unknown}
 C - a potion of haste {unknown}
 D - a potion of attraction {unknown}
 I - a potion of brilliance {unknown}


   Skills:
 - Level 1.7 Dodging
 - Level 1.7 Stealth
 + Level 6.9 Spellcasting
 + Level 8.2 Conjurations


You had 13 spell levels left.
You knew the following spells:

 Your Spells              Type           Power      Damage    Failure   Level
a - Magic Dart            Conj           100%       1d8       1%          1
b - Searing Ray           Conj           96%        2d7       1%          2
c - Iskenderun's Mystic   Conj/Tloc      28%        2d7       30%         4

Your spell library contained the following spells:

 Spells                   Type           Power      Damage    Failure   Level
 Dazzling Flash           Conj/Hex       56%        N/A       9%          3
 Fulminant Prism          Conj/Hex       14%        3d9       30%         4


Dungeon Overview and Level Annotations

Branches:
Dungeon (7/15)
 Temple: D:4-7

Annotations:
D:6 1 runed translucent door, spardeous's ghost, novice DgCj


Innate Abilities, Weirdness & Mutations

You have an increased reservoir of magic. (+10% MP)
You shall have no god before yourself.
Your divine heritage dramatically boosts your attributes as you level up.


Message History

Casting: Iskenderun's Mystic Blast (quite dangerous; 30% risk of failure)
Confirm with . or Enter, or press ? or * to list all spells.
The spell is quite dangerous to miscast (30% risk of failure)!
Continue anyway?
You miscast Iskenderun's Mystic Blast.
You are very lightly contaminated with residual magic.
Nothing appears to happen.
Something hits you but does no damage.
You now have 15/31 mp.
Something hits you.
* * * LOW HITPOINT WARNING * * *
Something hits you!
* * * LOW HITPOINT WARNING * * *
You take 12 damage, and have 5/57 hp.
MASSIVE DAMAGE!!
You feel better. Something hits you.
* * * LOW HITPOINT WARNING * * *
You regained 6 hp, and now have 11/57 hp.
Casting: Iskenderun's Mystic Blast (quite dangerous; 30% risk of failure)
Confirm with . or Enter, or press ? or * to list all spells.
The spell is quite dangerous to miscast (30% risk of failure)!
Continue anyway?
You erupt in a blast of force!
The mystic blast hits something.
You now have 13/31 mp.
Casting: Iskenderun's Mystic Blast (quite dangerous; 30% risk of failure)
Confirm with . or Enter, or press ? or * to list all spells.
The spell is quite dangerous to miscast (30% risk of failure)!
Continue anyway?
You erupt in a blast of force!
The mystic blast hits something.
Something hits you but does no damage.
You now have 10/31 mp.
Casting: Iskenderun's Mystic Blast (quite dangerous; 30% risk of failure)
Confirm with . or Enter, or press ? or * to list all spells.
The spell is quite dangerous to miscast (30% risk of failure)!
Continue anyway?
You erupt in a blast of force!
The mystic blast hits something.
You now have 6/31 mp.
Casting: Iskenderun's Mystic Blast (quite dangerous; 30% risk of failure)
Confirm with . or Enter, or press ? or * to list all spells.
The spell is quite dangerous to miscast (30% risk of failure)!
Continue anyway?
You miscast Iskenderun's Mystic Blast.
The air around you crackles with energy.
You are magically locked in place.
Something hits you.
* * * LOW HITPOINT WARNING * * *
Something hits you!
You die...

......#.#
..#####.....#.##
................
............#
#.....######
#...........#
..#####).#.........
.............#.#..#
#.#<###..#@.##.#..#
#..#..##.#..#
.#.###..#..##.#..#
.........#..##.#..###
#.#......[..........#
#.###....###.##.### #
#............##
................#
###.#...##.###.##


There were no monsters in sight!

Vanquished Creatures
  Sigmund (D:4)
  2 orc warriors (D:6)
  2 ogres
  A centaur (D:6)
  A bullfrog (D:7)
  3 scorpions
  4 hounds
  3 jellies
  3 orc priests (D:6)
  3 sleepcaps (D:6)
  6 orc wizards
  4 iguanas
  Robin (D:3)
  4 gnolls (D:5)
  10 adders
  An ufetubus (D:4)
  2 dart slugs (D:5)
  24 orcs
  12 ball pythons
  14 endoplasms
  6 giant cockroaches
  9 hobgoblins
  2 jackals (D:2)
  6 quokkas
  8 bats
  3 frilled lizards
  17 goblins
  5 kobolds
  9 rats
166 creatures vanquished.

Notes
Turn   | Place    | Note
-------+----------+-------------------------------------------
     0 | D:1      | spardeous the Demigod Conjurer began the quest for the Orb.
     0 | D:1      | Reached XP level 1. HP: 14/14 MP: 5/5
   337 | D:1      | Reached XP level 2. HP: 20/20 MP: 5/7
   584 | D:1      | Reached skill level 4 in Conjurations
   705 | D:1      | Learned a level 2 spell: Searing Ray
  1312 | D:1      | Reached XP level 3. HP: 26/26 MP: 5/9
  2427 | D:2      | Reached XP level 4. HP: 33/33 MP: 9/11
  2861 | D:3      | Learned a level 4 spell: Iskenderun's Mystic Blast
  3184 | D:3      | Reached XP level 5. HP: 38/38 MP: 2/13
  3336 | D:3      | Reached skill level 5 in Conjurations
  3532 | D:3      | Noticed Robin
  3539 | D:3      | Killed Robin
  3944 | D:4      | Noticed Sigmund
  3949 | D:4      | Killed Sigmund
  3950 | D:4      | Reached XP level 6. HP: 45/45 MP: 7/15
  4346 | D:4      | Reached skill level 6 in Conjurations
  4865 | D:4      | Identified the +11 dagger "Giantbane" {drain, rN+}
  4894 | D:4      | Reached skill level 5 in Spellcasting
  4894 | D:4      | Reached XP level 7. HP: 50/50 MP: 10/18
  5027 | D:5      | Entered Level 5 of the Dungeon
  5218 | D:5      | Noticed a spectral ugly thing
  5406 | D:5      | Reached skill level 7 in Conjurations
  5820 | D:6      | Reached XP level 8. HP: 28/57 MP: 20/20
  5948 | D:6      | Found a runed translucent door.
  5949 | D:6      | Noticed spardeous's ghost (novice DgCj)
  6356 | D:6      | Reached skill level 8 in Conjurations
  6664 | D:7      | Slain by an unseen horror

Illustrated notes

Levels and vault maps discovered:
D:1:      onia_arrival_handbag, layout_basic, minmay_indecisive_spiral
D:2:      minmay_chambers_of_twos, layout_loops_cross
D:3:      layout_loops_ring, nicolae_half_adder, uniq_robin
D:4:      layout_rooms, grunt_decor_junction, minmay_misc_feat_nine_boxes,
          uniq_sigmund
D:5:      layout_cave_pools, regret_index_temple_of_mockery,
          nzn_wu_jian_council_hall, nemelex_dance_club_becter
D:6:      layout_cave_pools, amcnicky_altar_gilded,
          ebering_ghost_reflecting_pool
D:7:      layout_basic, okawaru_metal_pillars_1_2, temple_fountains,
          uniq_crazy_yiuf_cottage

Skill      XL: |  1  2  3  4  5  6  7  8 |
---------------+-------------------------+-----
Spellcasting   | 2 3 4 5 6 |  6.9
Conjurations   | 4 5 6 7 8 |  8.2
Dodging        | |  1.7
Stealth        | |  1.7

Action                     |  1- 3 |  4- 6 |  7- 9 || total
---------------------------+-------+-------+-------++-------
  Melee: Unarmed           |     5 |       |       ||     5
         Dagger            |       |       |     6 ||     6
   Cast: Magic Dart        |   107 |    95 |    73 ||   275
         Searing Ray       |     1 |    15 |    34 ||    50
         Iskenderun's Myst |       |       |     6 ||     6
    Use: Potion            |       |       |     1 ||     1
 Armour: Robe              |     4 |       |       ||     4
         Ring mail         |       |     9 |    12 ||    21
  Dodge: Dodged            |    28 |    22 |    18 ||    68
